 Dungeon Crawl Stone Soup version 0.31-a0-675-g238779eb0a (webtiles) character file.

Game seed: 11716324267766355950

160447 qw the Warrior (level 17, -6/122 HPs)
             Began as a Gargoyle Hunter on Sept 5, 2023.
             Was a High Priest of Okawaru.
             Killed from afar by a will-o-the-wisp (21 damage)
             ... with a foxfire
             ... on level 2 of the Swamp.
             The game lasted 00:20:06 (25489 turns).

qw the Warrior (Gargoyle Hunter)                   Turns: 25489, Time: 00:20:06

Health: -6/122     AC: 32    Str: 16    XL:     17   Next: 76%
Magic:  24/24      EV: 32    Int:  9    God:    Okawaru [*****.]
Gold:   1182       SH:  0    Dex: 23    Spells: 16/16 levels left

rFire   . . .        Y - +0 arbalest
rCold   + . .        (shield currently unavailable)
rNeg    + . .        n - +3 steam dragon scales
rPois   inf          a - +0 helmet
rElec   +            g - +0 cloak
rCorr   .            t - +1 pair of gloves of Skepticism {rC+}
SInv    .            q - +2 pair of boots {rampage}
Will    +....        e - amulet of regeneration
Stlth   ++           s - +5 ring of evasion
HPRegen 1.20/turn    c - +5 ring of evasion
MPRegen 0.19/turn

%: clarity, rampage
@: about to teleport, flying
A: sickness immunity, AC +12, big wings, negative energy resistance 1,
electricity resistance, torment resistance 1, petrification resistance, agile 1,
clarity, screaming 1
a: Renounce Religion, Heroism, Finesse, Duel


You were on level 2 of the Swamp.
You worshipped Okawaru.
Okawaru was extremely pleased with you.
You visited 6 branches of the dungeon, and saw 28 of its levels.
You visited the Abyss 1 time.
You also visited: Sewer.

You collected 2316 gold pieces.
You spent 1134 gold pieces at shops.


Innate Abilities, Weirdness & Mutations

You are immune to sickness and miasma.
Your stone body is resilient. (AC +12)
You are immune to poison.
Your large and strong wings let you fly.
You resist negative energy. (rN+)
You are resistant to electric shocks. (rElec)
You are resistant to unholy torment.
You are immune to petrification.
You are agile. (Dex +4, Str/Int -1)
You possess an exceptional clarity of mind.
You occasionally shout uncontrollably at your foes.


   Skills:
 - Level 19.0 Fighting
 - Level 18.0 Ranged Weapons
 - Level 12.0 Armour
 + Level 12.4 Dodging
 - Level 1.1 Stealth
 - Level 10.0 Invocations


You had 16 spell levels left.
You didn't know any spells.
Your spell library was empty.

Inventory:

Hand Weapons
 Y - a +0 arbalest (weapon)
Armour
 a - a +0 helmet (worn)
 g - a +0 cloak (worn)
 n - +3 steam dragon scales (worn)
 q - a +2 pair of boots of rampaging (worn)
 t - the +1 pair of gloves of Skepticism (worn) {rC+}
   (Okawaru gifted it to you on level 4 of the Lair of Beasts)

   rC+:       It protects you from cold.
Jewellery
 c - a +5 ring of evasion (right hand)
 e - an amulet of regeneration (around neck)
 s - a +5 ring of evasion (left hand)
Wands
 v - a wand of digging (4)
Scrolls
 i - 6 scrolls of teleportation
 l - 15 scrolls of identify
Potions
 b - 5 potions of enlightenment
 d - a potion of cancellation
 f - a potion of mutation
 h - 2 potions of might
 j - 2 potions of magic
 m - 2 potions of haste
 p - 4 potions of resistance
 r - 13 potions of curing

Dungeon Overview and Level Annotations

Branches:
Dungeon (15/15)            Temple (1/1) D:5            Lair (5/5) D:11
  Swamp (2/4) Lair:2       Spider (3/4) Lair:3        Slime (0/5) Lair:5
    Orc (2/2) D:11            Elf (0/3) Orc:2        Vaults (0/5) D:14
 Depths (0/4) D:15          Sewer (visited)

Altars:
Ashenzari
Cheibriados
Dithmenos
Elyvilon
Fedhas
Gozag
Hepliaklqana
Kikubaaqudgha
Makhleb
Nemelex Xobeh
Okawaru
Qazlal
Ru
Sif Muna
Trog
Uskayaw
Vehumet
Wu Jian
Xom
Yredelemnul
Zin
The Shining One
Jiyva

Shops:
D:1 *   D:4 =   D:7 ?*([!   D:13 *   D:14 :   Orc:1 =   Orc:2 :(::

Annotations:
D:5 exclusions: 2 orcs and 3 wraiths
D:8 Jeremiah
D:10 4 runed translucent doors
D:15 1 runed translucent door, Vosooj's ghost, adept GrHs
Spider:1 3 runed translucent doors, endersaim's ghost, adept MfSk; qw's ghost, adept MiHs


Message History

The seven-headed hydra bites you but does no damage.
The seven-headed hydra completely misses you.
The seven-headed hydra misses you.
The seven-headed hydra completely misses you.
You shoot a bolt. The bolt hits the alligator!!
The alligator is heavily wounded.
You are engulfed in spectral mist.
You feel like a meek peon again.
The spectral fenstrider witch fades away!
The spectral alligator snapping turtle fades away!
The foxfire hits you! The foxfire hits you.
The spectral fenstrider witch hits you.
The spectral fenstrider witch completely misses you.
The spriggan rider barely misses you. The alligator completely misses you.
The alligator tail-slaps you but does no damage.
The will-o-the-wisp gestures.
The will-o-the-wisp conjures some foxfire!
The ghost crab completely misses you. x2; The bunyip completely misses you. x2
The bunyip claws you!!
The spectral fenstrider witch barely misses you.
The spectral fenstrider witch completely misses you.
The foxfire dissipates!
The seven-headed hydra bites you but does no damage. x2
The seven-headed hydra completely misses you. x5 2 foxfires come into view.
25488 |||
Found retreat position at 3,2 (stone_stairs_down_ii) with 0 blocking monsters and 4 monsters attacking at destination at distance 3
25488 ||| Stepping ~*~*~tactically~*~*~ (retreating).
The foxfire hits you!!
The spriggan rider completely misses you.
The swamp dragon completely misses you. x3
There is a stone staircase leading up here.
Things that are here:
a +0 quarterstaff; a +0 robe
25489 |||
Found retreat position at 5,3 (shallow_water) with 0 blocking monsters and 3 monsters attacking at destination at distance 7
25489 ||| READING 7 scrolls of teleportation.
As you read the scroll of teleportation, it crumbles to dust.
You feel strangely unstable.
The spectral fenstrider witch fades away!
The foxfire hits you!!
You die...

7~~~~~7 ....~77
~¤~.~~~.~.~~~~7
7~~..~~....~~./
..7..7~.....~. ....77
....7~7.~7~7.7~.....77
7.07~Z.~~~..¤7~~.~..7
7.~.t.7 7.>7~7~~~~~~.
7.70t07 7~~~~~.~.~..
7~Dx@.77 7.0....77~.~
7.iDv~>7 7~~.~~.7..~.
7~~.¤.77777.~v<7..~.
7~¤~~.70.~~~.~~.~~~..
7.¤v.~~..777<..7~.~.7
7.~¤.....7 77.77 ..~.
7.¤~.....7777.7 ~.7
7~~~~~...~%~..7 ..
7~~.~~.~7777~..7 .


You could see a bunyip (strong), a seven-headed hydra (strong), an alligator
(strong), a swamp dragon (strong), a spriggan rider, a ghost crab, a spectral
fenstrider witch (summoned) and a will-o-the-wisp.

Vanquished Creatures
  A bone dragon (Abyss:3)
  Rupert (Lair:3)
  Jorgrun (D:13)
  A tentacled starspawn (Abyss:3)
  Agnes (D:15)
  An emperor scorpion (Spider:2)
  A ghost moth (Spider:3)
  An orc warlord (Orc:2)
  A draconian stormcaller (Abyss:3)
  2 eleionomae
  3 spark wasps
  A dire elephant (Lair:5)
  A starcursed mass (Abyss:3)
  2 bunyips (Swamp:1)
  Azrael (D:15)
  2 entropy weavers
  7 hydras
  4 catoblepae
  A jorogumo (Spider:2)
  2 radroaches (Spider:2)
  2 alligators (Swamp:2)
  5 centaur warriors
  A death knight (D:15)
  9 two-headed ogres
  A death scarab (Spider:3)
  A deep troll shaman (Lair:5)
  7 boulder beetles
  4 death yaks (Lair:5)
  6 orc high priests (Orc:2)
  3 thrashing horrors (Abyss:3)
  13 demonic crawlers
  A wretched star (Abyss:3)
  A fire crab (shapeshifter) (D:14)
  A sixfirhy (Abyss:3)
  3 pharaoh ants
  3 skysharks
  3 bog bodies (Swamp:1)
  6 skeletal warriors
  3 orb spiders (Spider:3)
  A phantasmal warrior (D:15)
  A swamp dragon (Swamp:1)
  A necromancer (D:15)
  A harpy (shapeshifter) (D:14)
  2 deep elf pyromancers
  A deep elf zephyrmancer (D:15)
  7 orc knights
  5 steelbarb worms
  A wolf spider zombie (D:15)
  6 ugly things
  6 cyclopes
  3 orc sorcerers (Orc:2)
  2 moths of wrath
  12 wolf spiders
  A worldbinder (Abyss:3)
  4 manticores
  A will-o-the-wisp (Swamp:1)
  A centaur zombie (D:15)
  Maurice (D:8)
  7 black mambas
  4 smoke demons (Abyss:3)
  15 elephants
  2 naga magi (D:15)
  An orange demon (Abyss:3)
  Maggie (D:10)
  2 torpor snails
  A centaur skeleton (D:15)
  A water nymph (shapeshifter) (D:14)
  8 cane toads
  A rime drake (Lair:3)
  4 gargoyles
  A kobold demonologist (D:13)
  2 unseen horrors (Abyss:3)
  8 komodo dragons
  2 freezing wraiths (D:15)
  A redback zombie (D:15)
  2 tengu conjurers (D:15)
  An ancient zyme (Abyss:3)
  11 trolls
  6 polar bears
  A meliai (shapeshifter) (Abyss:3)
  15 meliai
  5 hornets (Swamp:1)
  6 tarantellas
  9 tyrant leeches
  2 raiju (Abyss:3)
  A large abomination (Abyss:3)
  13 slime creatures
  13 blink frogs
  5 dream sheep (Lair:4)
  A centaur simulacrum (D:15)
  41 yaks
  A water elemental (Abyss:3)
  11 jumping spiders
  12 culicivoras
  3 wraiths
  8 spriggans (Swamp:1)
  A vampire (D:13)
  6 wyverns
  2 basilisks
  5 fire elementals (D:15)
  13 vampire mosquitoes
  23 redbacks
  A redback (shapeshifter) (D:14)
  4 steam dragons
  7 wargs
  2 swamp worms (Swamp:1)
  A hell hound (D:15)
  An acid dragon (D:10)
  16 water moccasins
  44 orc warriors
  2 swamp drakes (Swamp:1)
  A sky beast (D:6)
  11 ogres
  9 black bears
  11 wolves
  4 centaurs
  3 kobold brigands
  5 gnoll sergeants
  11 bullfrogs
  3 scorpions
  12 wights
  3 killer bees (D:9)
  4 electric eels
  3 howler monkeys
  6 hounds
  45 orc priests
  7 jellies
  3 gnoll boudas
  A sleepcap (D:6)
  2 iguanas
  Natasha (thrice) (D:2)
  21 orc wizards
  Terence (D:2)
  A boggart simulacrum (D:14)
  31 gnolls
  13 adders
  5 river rats (Sewer)
  A shadow imp (D:6)
  14 white imps
  An ufetubus (D:7)
  4 worms
  124 orcs
  5 bats
  4 endoplasms
  A giant cockroach (D:3)
  7 goblins
  6 hobgoblins
  2 jackals (D:2)
  5 quokkas
  8 ball pythons
  9 frilled lizards
  20 kobolds
  18 rats
  A spectral hobgoblin (D:11)
  3 starspawn tentacles (Abyss:3)
973 creatures vanquished.

Vanquished Creatures (others)
  A spriggan druid (Swamp:2)
  A raiju (Abyss:3)
  A spriggan (Swamp:1)
  An orc (D:11)
  10 foxfires
  A lurking horror (Abyss:3)
  10 starspawn tentacles (Abyss:3)
25 creatures vanquished.

Grand Total: 998 creatures vanquished

Notes
Turn   | Place    | Note
-------+----------+-------------------------------------------
     0 | D:1      | qw the Gargoyle Hunter began the quest for the Orb.
     0 | D:1      | Reached XP level 1. HP: 12/12 MP: 1/1
     0 | D:1      | 0 ||| qw: Version: 0.3-a-75-g829b12e
     0 | D:1      | 0 ||| qw: Game counter: 47
     0 | D:1      | 0 ||| qw: Melee chars always use a shield: true
     0 | D:1      | 0 ||| qw: God list: Okawaru
     0 | D:1      | 0 ||| qw: Allow faded altars: false
     0 | D:1      | 0 ||| qw: Do Orc after clearing Dungeon:15 true
     0 | D:1      | 0 ||| qw: Do second Lair branch before Depths: true
     0 | D:1      | 0 ||| qw: Lair rune preference: random
     0 | D:1      | 0 ||| qw: Goals: Normal
     0 | D:1      | 0 ||| PLANNING D:1-11
    22 | D:1      | Reached XP level 2. HP: 7/17 MP: 2/2
   184 | D:1      | Found Vahaicah's General Store.
   313 | D:1      | Reached XP level 3. HP: 21/21 MP: 3/3
   375 | D:1      | 375 ||| UPGRADING to ring of protection from cold.
   376 | D:1      | 376 ||| READING scroll labelled LUICLY UNIGONEGG.
   377 | D:1      | 377 ||| READING scroll labelled USHE BEIREXYA.
   478 | D:1      | 478 ||| DRINKING 2 lumpy brown potions.
   479 | D:1      | 479 ||| DROPPING scroll of butterflies.
   526 | D:2      | Reached skill level 3 in Fighting
   526 | D:2      | Reached XP level 4. HP: 28/28 MP: 4/4
   548 | D:2      | Noticed Terence
   553 | D:2      | Killed Terence
   613 | D:2      | Noticed Natasha
   618 | D:2      | 618 ||| Stepping ~*~*~tactically~*~*~ (retreating).
   619 | D:2      | 619 ||| Stepping ~*~*~tactically~*~*~ (retreating).
   620 | D:2      | 620 ||| Stepping ~*~*~tactically~*~*~ (retreating).
   621 | D:2      | 621 ||| Stepping ~*~*~tactically~*~*~ (retreating).
   622 | D:2      | 622 ||| Stepping ~*~*~tactically~*~*~ (retreating).
   634 | D:2      | Killed Natasha
   934 | D:2      | Reached XP level 5. HP: 32/32 MP: 5/5
   965 | D:2      | Noticed Natasha
   970 | D:2      | Killed Natasha
   971 | D:2      | Reached skill level 6 in Ranged Weapons
  1183 | D:2      | Noticed Natasha
  1190 | D:2      | Killed Natasha
  1546 | D:2      | 1546 ||| UPGRADING to +0 helmet.
  1551 | D:2      | 1551 ||| UPGRADING to +0 pair of boots.
  1556 | D:2      | 1556 ||| UPGRADING to amulet of regeneration.
  1561 | D:2      | 1561 ||| READING scroll labelled UCISIEGUMI.
  1610 | D:3      | 1610 ||| PLANNING SEWER
  1616 | D:3      | Found a glowing golden altar of the Shining One.
  1616 | D:3      | Found a glowing silver altar of Zin.
  1616 | D:3      | Found a white marble altar of Elyvilon.
  1627 | D:3      | Found a stormy altar of Qazlal.
  1629 | D:3      | Noticed a water elemental
  1629 | D:3      | Noticed an air elemental
  1630 | D:3      | Noticed a fire elemental
  1724 | D:3      | Found a shadowy altar of Dithmenos.
  1852 | D:3      | Found a broken altar of Ashenzari.
  1871 | D:3      | Reached skill level 1 in Armour
  1871 | D:3      | Reached XP level 6. HP: 33/38 MP: 6/6
  1892 | D:3      | Reached skill level 4 in Fighting
  1988 | D:3      | Found a glowing drain.
  1989 | D:3      | 1989 ||| READING scroll labelled KAFFO GIJERUFFO.
  1995 | Sewer    | Entered a sewer
  1998 | Sewer    | 1998 ||| Stepping ~*~*~tactically~*~*~ (water).
  2000 | Sewer    | 2000 ||| Stepping ~*~*~tactically~*~*~ (water).
  2063 | Sewer    | 2063 ||| Stepping ~*~*~tactically~*~*~ (water).
  2070 | Sewer    | 2070 ||| Stepping ~*~*~tactically~*~*~ (water).
  2087 | Sewer    | 2087 ||| Stepping ~*~*~tactically~*~*~ (water).
  2089 | Sewer    | 2089 ||| Stepping ~*~*~tactically~*~*~ (water).
  2367 | Sewer    | 2367 ||| READING scroll labelled PEALOS ETTO.
  2368 | Sewer    | 2368 ||| DRINKING 2 metallic inky potions.
  2368 | Sewer    | Gained mutation: You do not regenerate when monsters are
                  | visible. [potion of mutation]
  2369 | Sewer    | 2369 ||| DRINKING potion of mutation.
  2369 | Sewer    | Lost mutation: You do not regenerate when monsters are
                  | visible. [potion of mutation]
  2369 | Sewer    | Gained mutation: You expend magic power (3 MP) to
                  | strengthen your wands. [potion of mutation]
  2369 | Sewer    | Gained mutation: Potions are less effective at restoring
                  | your health. [potion of mutation]
  2369 | Sewer    | Gained mutation: Your large and strong wings let you fly.
                  | [potion of mutation]
  2370 | Sewer    | 2370 ||| READING 2 scrolls of identify.
  2370 | Sewer    | 2370 ||| IDENTIFYING silvery potion
  2407 | D:3      | 2407 ||| PLANNING D:1-11
  2952 | D:3      | 2952 ||| DRINKING 2 sapphire potions.
  2953 | D:3      | 2953 ||| DRINKING 2 glowing purple potions.
  3031 | D:4      | Noticed a black bear
  3043 | D:4      | Killed a black bear
  3072 | D:4      | Reached XP level 7. HP: 43/43 MP: 7/7
  3077 | D:4      | 3077 ||| RETREATING.
  3080 | D:4      | 3080 ||| RETREATING.
  3086 | D:4      | 3086 ||| DRINKING potion of curing.
  3086 | D:4      | 3086 ||| (to cure confusion)
  3416 | D:4      | Found Gistu's Jewellery Shop.
  3421 | D:4      | 3421 ||| SHOPLISTING +5 ring of evasion (432 gold, have
                  | 197).
  3421 | D:4      | 3421 ||| SHOPLISTING amulet of reflection (360 gold, have
                  | 197).
  3421 | D:4      | 3421 ||| SHOPLISTING ring of ice (300 gold, have 197).
  3421 | D:4      | 3421 ||| SHOPLISTING ring of protection from fire (300
                  | gold, have 197).
  3658 | D:4      | Reached skill level 5 in Fighting
  3665 | D:4      | Identified the +7 sling of Paniest {antimagic, Int+2 SInv}
  3679 | D:4      | 3679 ||| SWAPPING to +7 sling of Paniest {antimagic, Int+2
                  | SInv}.
  3680 | D:4      | 3680 ||| DROPPING +0 shortbow.
  3783 | D:4      | Reached XP level 8. HP: 49/49 MP: 2/8
  3923 | D:4      | 3923 ||| UPGRADING to +0 ring mail.
  3933 | D:4      | 3933 ||| DROPPING +0 leather armour.
  3934 | D:4      | 3934 ||| READING 2 scrolls labelled COROVV GADEOV.
  3935 | D:4      | 3935 ||| READING 6 scrolls of identify.
  3935 | D:4      | 3935 ||| IDENTIFYING bubbling brown potion
  3936 | D:4      | 3936 ||| READING 5 scrolls of identify.
  3936 | D:4      | 3936 ||| IDENTIFYING clear potion
  3937 | D:4      | 3937 ||| READING 4 scrolls of identify.
  3937 | D:4      | 3937 ||| IDENTIFYING coppery potion
  3938 | D:4      | 3938 ||| READING 3 scrolls of identify.
  3938 | D:4      | 3938 ||| IDENTIFYING cyan potion
  3939 | D:4      | 3939 ||| READING 2 scrolls of identify.
  3939 | D:4      | 3939 ||| IDENTIFYING lumpy dark potion
  3940 | D:4      | 3940 ||| DROPPING potion of berserk rage.
  3941 | D:4      | 3941 ||| DROPPING potion of attraction.
  3942 | D:4      | 3942 ||| DROPPING potion of ambrosia.
  3943 | D:4      | 3943 ||| DROPPING scroll of poison.
  3962 | D:5      | Entered Level 5 of the Dungeon
  3962 | D:5      | Found a staircase to the Ecumenical Temple.
  3962 | D:5      | Found a radiant altar of Vehumet.
  3963 | D:5      | 3963 ||| PLANNING TEMPLE
  3964 | D:5      | 3964 ||| STAIRDANCE
  3977 | D:5      | 3977 ||| STAIRDANCE
  3985 | D:5      | 3985 ||| STAIRDANCE
  3996 | D:5      | Noticed a wraith
  4002 | Temple   | Entered the Ecumenical Temple
  4003 | Temple   | 4003 ||| PLANNING OKAWARU WORSHIP
  4015 | Temple   | Became a worshipper of Warmaster Okawaru
  4016 | Temple   | 4016 ||| PLANNING D:1-11
  4075 | D:5      | Killed a wraith
  4076 | D:5      | Reached skill level 9 in Ranged Weapons
  4077 | D:5      | 4077 ||| FLEEEEING.
  4078 | D:5      | 4078 ||| FLEEEEING.
  4164 | D:5      | Reached * piety under Okawaru
  4165 | D:5      | Reached skill level 6 in Fighting
  4165 | D:5      | 4165 ||| INVOKING Heroism.
  4174 | D:5      | 4174 ||| Stepping ~*~*~tactically~*~*~ (outnumbered).
  4193 | D:5      | 4193 ||| INVOKING Heroism.
  4272 | D:5      | 4272 ||| INVOKING Heroism.
  4332 | D:5      | Reached XP level 9. HP: 55/55 MP: 3/9
  4471 | D:5      | 4471 ||| INVOKING Heroism.
  4477 | D:5      | Reached skill level 3 in Armour
  4623 | D:5      | 4623 ||| UPGRADING to +5 ring of evasion.
  4624 | D:5      | 4624 ||| READING scroll labelled WOUSMA ZAFY.
  4661 | D:5      | 4661 ||| UPGRADING to +4 ring of slaying {mikee}.
  4663 | D:5      | 4663 ||| DROPPING ring of protection from cold.
  4754 | D:6      | Reached skill level 1 in Invocations
  4756 | D:6      | Noticed a two-headed ogre
  4757 | D:6      | 4757 ||| RETREATING.
  4760 | D:6      | 4760 ||| Stepping ~*~*~tactically~*~*~ (outnumbered).
  4762 | D:6      | 4762 ||| Stepping ~*~*~tactically~*~*~ (outnumbered).
  4781 | D:6      | 4781 ||| INVOKING Heroism.
  4792 | D:6      | Killed a two-headed ogre
  4793 | D:6      | Reached skill level 8 in Fighting
  4845 | D:6      | Reached ** piety under Okawaru
  4907 | D:6      | 4907 ||| INVOKING Heroism.
  4909 | D:6      | 4909 ||| Stepping ~*~*~tactically~*~*~ (cloud).
  4914 | D:6      | Reached skill level 3 in Invocations
  5242 | D:6      | 5242 ||| UPGRADING to +0 steam dragon scales.
  5252 | D:6      | 5252 ||| DROPPING +0 ring mail.
  5253 | D:6      | 5253 ||| READING scroll labelled APNIOTHEOKE.
  5254 | D:6      | 5254 ||| DRINKING 3 green potions.
  5255 | D:6      | 5255 ||| DROPPING 2 potions of degeneration.
  5316 | D:7      | Reached XP level 10. HP: 65/65 MP: 4/13
  5331 | D:7      | 5331 ||| RETREATING.
  5332 | D:7      | 5332 ||| INVOKING Heroism.
  5364 | D:7      | Reached skill level 3 in Dodging
  5407 | D:7      | 5407 ||| Stepping ~*~*~tactically~*~*~ (outnumbered).
  5409 | D:7      | 5409 ||| Stepping ~*~*~tactically~*~*~ (outnumbered).
  5411 | D:7      | 5411 ||| Stepping ~*~*~tactically~*~*~ (outnumbered).
  5438 | D:7      | Found a hide-covered altar of Uskayaw.
  5439 | D:7      | 5439 ||| SWAPPING to +0 sling.
  5567 | D:7      | Found a shimmering blue altar of Sif Muna.
  5616 | D:7      | Found Zisuh's Distillery.
  5624 | D:7      | Found Jaade's Armour Emporium.
  5625 | D:7      | 5625 ||| BUYING 2 potions of curing (90 gold).
  5625 | D:7      | Bought 2 potions of curing for 90 gold pieces
  5625 | D:7      | 5625 ||| BUYING 2 potions of mutation (240 gold).
  5625 | D:7      | Bought 2 potions of mutation for 240 gold pieces
  5625 | D:7      | 5625 ||| SHOPLISTING potion of cancellation (120 gold, have
                  | 59).
  5625 | D:7      | 5625 ||| BUYING potion of curing (45 gold).
  5625 | D:7      | Bought a potion of curing for 45 gold pieces
  5625 | D:7      | 5625 ||| SHOPLISTING potion of curing (45 gold, have 14).
  5625 | D:7      | 5625 ||| DRINKING 2 potions of mutation.
  5625 | D:7      | Lost mutation: Potions are less effective at restoring your
                  | health. [potion of mutation]
  5625 | D:7      | Lost mutation: You expend magic power (3 MP) to strengthen
                  | your wands. [potion of mutation]
  5625 | D:7      | Gained mutation: Your mind is acute. (Int +4, Str/Dex -1)
                  | [potion of mutation]
  5625 | D:7      | Lost mutation: Your mind is acute. (Int +4, Str/Dex -1)
                  | [potion of mutation]
  5625 | D:7      | Gained mutation: You have very sharp teeth. [potion of
                  | mutation]
  5639 | D:7      | Found Baes Lot's Weapon Shoppe.
  5655 | D:7      | Reached *** piety under Okawaru
  5679 | D:7      | 5679 ||| SWAPPING to +0 shortbow.
  5680 | D:7      | 5680 ||| DROPPING +0 sling.
  5687 | D:7      | 5687 ||| SHOPLISTING +0 orcbow (52 gold, have 26).
  5688 | D:7      | You are sucked into a shaft and drop 1 floor!
  5704 | D:8      | 5704 ||| INVOKING Heroism.
  5755 | D:8      | 5755 ||| INVOKING Heroism.
  5781 | D:8      | Noticed Maurice
  5793 | D:8      | Killed Maurice
  5794 | D:8      | Reached skill level 12 in Ranged Weapons
  5844 | D:8      | Noticed a two-headed ogre
  5845 | D:8      | 5845 ||| INVOKING Heroism.
  5857 | D:8      | Killed a two-headed ogre
  5914 | D:8      | Found a sparkling altar of Nemelex Xobeh.
  6034 | D:8      | 6034 ||| INVOKING Heroism.
  6162 | D:8      | 6162 ||| UPGRADING to +0 cloak.
  6167 | D:8      | 6167 ||| DROPPING ring of willpower.
  6170 | D:8      | 6170 ||| Stepping ~*~*~tactically~*~*~ (outnumbered).
  6434 | D:7      | 6434 ||| INVOKING Heroism.
  6460 | D:7      | 6460 ||| INVOKING Heroism.
  6480 | D:7      | Found Gobet's Magic Scroll Shoppe.
  6488 | D:7      | 6488 ||| BUYING scroll of enchant armour (82 gold).
  6488 | D:7      | Bought a scroll of enchant armour for 82 gold pieces
  6488 | D:7      | 6488 ||| SHOPLISTING scroll of teleportation (33 gold, have
                  | 9).
  6488 | D:7      | 6488 ||| READING scroll of enchant armour.
  6488 | D:7      | 6488 ||| ENCHANTING +0 steam dragon scales.
  6502 | D:7      | 6502 ||| SHOPLISTING +4 ring mail (312 gold, have 9).
  6502 | D:7      | 6502 ||| SHOPLISTING +4 ring mail of positive energy (336
                  | gold, have 9).
  6592 | D:7      | Found Diobof's General Store.
  6595 | D:7      | 6595 ||| SHOPLISTING potion of heal wounds (70 gold, have
                  | 32).
  6660 | D:7      | 6660 ||| UPGRADING to +0 pair of gloves.
  6705 | D:8      | Noticed Jeremiah
  6721 | D:8      | 6721 ||| READING scroll labelled GASETHR XAGH.
  6748 | D:8      | 6748 ||| INVOKING Heroism.
  6770 | D:8      | 6770 ||| FLEEEEING.
  7189 | D:9      | 7189 ||| STAIRDANCE
  7352 | D:9      | 7352 ||| SWAPPING to +0 orcbow.
  7353 | D:9      | 7353 ||| DROPPING +7 sling of Paniest {antimagic, Int+2
                  | SInv}.
  7354 | D:9      | 7354 ||| DROPPING +0 shortbow.
  7374 | D:9      | 7374 ||| Stepping ~*~*~tactically~*~*~ (outnumbered).
  7383 | D:9      | 7383 ||| Stepping ~*~*~tactically~*~*~ (outnumbered).
  7384 | D:9      | 7384 ||| Stepping ~*~*~tactically~*~*~ (outnumbered).
  7386 | D:9      | 7386 ||| Stepping ~*~*~tactically~*~*~ (outnumbered).
  7388 | D:9      | 7388 ||| Stepping ~*~*~tactically~*~*~ (outnumbered).
  7389 | D:9      | 7389 ||| Stepping ~*~*~tactically~*~*~ (outnumbered).
  7404 | D:9      | 7404 ||| Stepping ~*~*~tactically~*~*~ (outnumbered).
  7613 | D:9      | 7613 ||| Stepping ~*~*~tactically~*~*~ (retreating).
  7625 | D:9      | Reached XP level 11. HP: 69/69 MP: 14/14
  7638 | D:9      | Reached skill level 9 in Fighting
  7715 | D:9      | Found an ornate altar of the Wu Jian Council.
  7758 | D:9      | 7758 ||| Stepping ~*~*~tactically~*~*~ (outnumbered).
  7766 | D:9      | Reached **** piety under Okawaru
  8032 | D:10     | Entered Level 10 of the Dungeon
  8052 | D:10     | 8052 ||| Stepping ~*~*~tactically~*~*~ (outnumbered).
  8054 | D:10     | 8054 ||| Stepping ~*~*~tactically~*~*~ (outnumbered).
  8057 | D:10     | 8057 ||| Stepping ~*~*~tactically~*~*~ (outnumbered).
  8077 | D:10     | Noticed a two-headed ogre
  8078 | D:10     | 8078 ||| INVOKING Heroism.
  8079 | D:10     | Noticed Maggie
  8082 | D:10     | Killed a two-headed ogre
  8100 | D:10     | 8100 ||| DRINKING 2 potions of cancellation.
  8102 | D:10     | Killed Maggie
  8161 | D:10     | Found a runed translucent door.
  8177 | D:10     | Found a runed translucent door.
  8190 | D:10     | Found a runed translucent door.
  8195 | D:10     | Noticed a two-headed ogre
  8196 | D:10     | 8196 ||| INVOKING Heroism.
  8210 | D:10     | Killed a two-headed ogre
  8285 | D:10     | Found a blossoming altar of Fedhas.
  8297 | D:10     | 8297 ||| READING scroll of enchant armour.
  8297 | D:10     | 8297 ||| ENCHANTING +1 steam dragon scales.
  8305 | D:10     | Found a runed translucent door.
  8468 | D:10     | Found a flagged portal.
  8469 | D:10     | 8469 ||| Stepping ~*~*~tactically~*~*~ (outnumbered).
  8473 | D:10     | 8473 ||| Stepping ~*~*~tactically~*~*~ (outnumbered).
  8475 | D:10     | 8475 ||| Stepping ~*~*~tactically~*~*~ (outnumbered).
  8479 | D:10     | 8479 ||| Stepping ~*~*~tactically~*~*~ (outnumbered).
  8728 | D:10     | Noticed a two-headed ogre
  8729 | D:10     | 8729 ||| INVOKING Heroism.
  8738 | D:10     | Killed a two-headed ogre
  8739 | D:10     | Reached skill level 6 in Invocations
  8810 | D:10     | Reached ***** piety under Okawaru
  8933 | D:10     | 8933 ||| DROPPING +2 steam dragon scales.
  8934 | D:10     | 8934 ||| READING scroll labelled ELUENW XIHI.
  8995 | D:11     | 8995 ||| INVOKING Heroism.
  9059 | D:11     | 9059 ||| Stepping ~*~*~tactically~*~*~ (outnumbered).
  9061 | D:11     | 9061 ||| Stepping ~*~*~tactically~*~*~ (outnumbered).
  9078 | D:11     | 9078 ||| FLEEEEING.
  9079 | D:11     | 9079 ||| FLEEEEING.
  9080 | D:11     | 9080 ||| FLEEEEING.
  9081 | D:11     | 9081 ||| FLEEEEING.
  9082 | D:11     | 9082 ||| FLEEEEING.
  9083 | D:11     | 9083 ||| FLEEEEING.
  9118 | D:11     | Found a staircase to the Orcish Mines.
  9148 | D:11     | 9148 ||| Stepping ~*~*~tactically~*~*~ (outnumbered).
  9150 | D:11     | 9150 ||| Stepping ~*~*~tactically~*~*~ (outnumbered).
  9156 | D:11     | Found a frozen archway.
  9157 | D:11     | 9157 ||| Stepping ~*~*~tactically~*~*~ (outnumbered).
  9163 | D:11     | Noticed a catoblepas
  9169 | D:11     | 9169 ||| Stepping ~*~*~tactically~*~*~ (outnumbered).
  9171 | D:11     | 9171 ||| INVOKING Heroism.
  9187 | D:11     | Killed a catoblepas
  9202 | D:11     | 9202 ||| FLEEEEING.
  9203 | D:11     | 9203 ||| INVOKING Heroism.
  9206 | D:11     | 9206 ||| Stepping ~*~*~tactically~*~*~ (outnumbered).
  9237 | D:11     | 9237 ||| INVOKING Heroism.
  9295 | D:11     | 9295 ||| READING scroll of enchant armour.
  9295 | D:11     | 9295 ||| ENCHANTING +2 steam dragon scales.
  9411 | D:11     | Paralysed by an orc priest for 3 turns
  9478 | D:11     | Noticed a centaur warrior
  9482 | D:11     | Noticed a cyclops
  9483 | D:11     | 9483 ||| INVOKING Heroism.
  9485 | D:11     | Killed a centaur warrior
  9486 | D:11     | 9486 ||| FLEEEEING.
  9500 | D:11     | Killed a cyclops
  9593 | D:11     | Found a staircase to the Lair.
  9609 | D:11     | 9609 ||| INVOKING Heroism.
  9625 | D:11     | Reached XP level 12. HP: 76/76 MP: 16/18
  9663 | D:11     | Found a hazy altar of Hepliaklqana.
  9800 | D:11     | 9800 ||| Stepping ~*~*~tactically~*~*~ (outnumbered).
  9801 | D:11     | Received a gift from Okawaru
  9804 | D:11     | 9804 ||| Stepping ~*~*~tactically~*~*~ (outnumbered).
  9949 | D:11     | 9949 ||| PLANNING LAIR
  9949 | D:11     | 9949 ||| UPGRADING to +2 pair of boots of rampaging.
  9959 | D:11     | 9959 ||| DROPPING +0 pair of boots.
  9960 | D:11     | 9960 ||| READING 7 scrolls of identify.
  9960 | D:11     | 9960 ||| IDENTIFYING orange potion
 10009 | Lair:1   | Entered Level 1 of the Lair of Beasts
 10037 | Lair:1   | 10037 ||| INVOKING Heroism.
 10075 | Lair:1   | 10075 ||| RETREATING.
 10079 | Lair:1   | 10079 ||| INVOKING Heroism.
 10092 | Lair:1   | Reached skill level 10 in Fighting
 10135 | Lair:1   | 10135 ||| INVOKING Heroism.
 10165 | Lair:1   | 10165 ||| RETREATING.
 10174 | Lair:1   | 10174 ||| Stepping ~*~*~tactically~*~*~ (retreating).
 10179 | Lair:1   | Reached skill level 9 in Invocations
 10335 | Lair:1   | 10335 ||| INVOKING Heroism.
 10390 | Lair:1   | 10390 ||| INVOKING Heroism.
 10896 | Lair:1   | 10896 ||| DROPPING ring of ice.
 11174 | Lair:2   | Found a staircase to the Swamp.
 11174 | Lair:2   | Noticed an eleionoma
 11209 | Lair:2   | 11209 ||| INVOKING Heroism.
 11212 | Lair:2   | Killed an eleionoma
 11269 | Lair:2   | 11269 ||| INVOKING Heroism.
 11349 | Lair:2   | Found a dark tunnel.
 11381 | Lair:2   | Reached skill level 15 in Ranged Weapons
 11549 | Lair:2   | 11549 ||| RETREATING.
 11555 | Lair:2   | 11555 ||| Stepping ~*~*~tactically~*~*~ (retreating).
 11556 | Lair:2   | 11556 ||| Stepping ~*~*~tactically~*~*~ (retreating).
 11557 | Lair:2   | 11557 ||| Stepping ~*~*~tactically~*~*~ (retreating).
 11558 | Lair:2   | 11558 ||| Stepping ~*~*~tactically~*~*~ (retreating).
 11803 | Lair:3   | Reached skill level 6 in Armour
 11807 | Lair:3   | Noticed a skyshark
 11816 | Lair:3   | Killed a skyshark
 11883 | Lair:3   | Found a hole to the Spider Nest.
 11886 | Lair:3   | 11886 ||| INVOKING Heroism.
 11912 | Lair:3   | Noticed a seven-headed hydra
 11913 | Lair:3   | 11913 ||| RETREATING.
 11923 | Lair:3   | 11923 ||| Stepping ~*~*~tactically~*~*~ (retreating).
 11926 | Lair:3   | 11926 ||| INVOKING Heroism.
 11929 | Lair:3   | Killed a seven-headed hydra
 11930 | Lair:3   | Reached XP level 13. HP: 64/82 MP: 17/20
 11992 | Lair:3   | Noticed Rupert
 11993 | Lair:3   | 11993 ||| INVOKING Heroism.
 11994 | Lair:3   | 11994 ||| INVOKING Finesse.
 12002 | Lair:3   | Paralysed by Rupert for 5 turns
 12017 | Lair:3   | 12017 ||| DRINKING 7 potions of curing.
 12017 | Lair:3   | 12017 ||| (to cure confusion)
 12020 | Lair:3   | Killed Rupert
 12112 | Lair:3   | 12112 ||| INVOKING Heroism.
 12327 | Lair:3   | 12327 ||| FLEEEEING.
 12329 | Lair:3   | 12329 ||| FLEEEEING.
 12330 | Lair:3   | 12330 ||| FLEEEEING.
 12331 | Lair:3   | 12331 ||| FLEEEEING.
 12332 | Lair:3   | 12332 ||| FLEEEEING.
 12333 | Lair:3   | 12333 ||| FLEEEEING.
 12335 | Lair:3   | 12335 ||| INVOKING Heroism.
 12336 | Lair:3   | 12336 ||| RETREATING.
 12338 | Lair:3   | 12338 ||| Stepping ~*~*~tactically~*~*~ (retreating).
 12339 | Lair:3   | 12339 ||| Stepping ~*~*~tactically~*~*~ (retreating).
 12367 | Lair:3   | Reached skill level 11 in Fighting
 12682 | Lair:3   | 12682 ||| DROPPING +1 hat.
 12683 | Lair:3   | 12683 ||| READING scroll labelled HIZUMA WUAKH.
 12699 | Lair:3   | 12699 ||| READING scroll labelled ICATRACLIO.
 12747 | Lair:4   | 12747 ||| RETREATING.
 12754 | Lair:4   | 12754 ||| Stepping ~*~*~tactically~*~*~ (retreating).
 12783 | Lair:4   | 12783 ||| RETREATING.
 12790 | Lair:4   | Reached skill level 6 in Dodging
 12882 | Lair:4   | 12882 ||| INVOKING Heroism.
 12912 | Lair:4   | 12912 ||| INVOKING Heroism.
 12970 | Lair:4   | 12970 ||| RETREATING.
 12981 | Lair:4   | 12981 ||| Stepping ~*~*~tactically~*~*~ (retreating).
 12982 | Lair:4   | 12982 ||| Stepping ~*~*~tactically~*~*~ (retreating).
 12983 | Lair:4   | 12983 ||| Stepping ~*~*~tactically~*~*~ (retreating).
 12984 | Lair:4   | 12984 ||| Stepping ~*~*~tactically~*~*~ (retreating).
 12988 | Lair:4   | 12988 ||| Stepping ~*~*~tactically~*~*~ (retreating).
 12989 | Lair:4   | 12989 ||| Stepping ~*~*~tactically~*~*~ (retreating).
 12992 | Lair:4   | 12992 ||| Stepping ~*~*~tactically~*~*~ (retreating).
 13007 | Lair:4   | Identified the +1 pair of gloves of Skepticism {rC+}
                  | (Okawaru gifted it to you on level 4 of the Lair of Beasts)
 13007 | Lair:4   | Received a gift from Okawaru
 13019 | Lair:4   | 13019 ||| INVOKING Heroism.
 13052 | Lair:4   | 13052 ||| INVOKING Heroism.
 13053 | Lair:4   | 13053 ||| INVOKING Finesse.
 13141 | Lair:4   | 13141 ||| RETREATING.
 13164 | Lair:4   | Reached skill level 12 in Fighting
 13224 | Lair:4   | 13224 ||| INVOKING Heroism.
 13740 | Lair:4   | 13740 ||| UPGRADING to +1 pair of gloves of Skepticism
                  | {rC+}.
 13750 | Lair:4   | 13750 ||| DROPPING +0 pair of gloves.
 13751 | Lair:4   | 13751 ||| READING 8 scrolls of identify.
 13751 | Lair:4   | 13751 ||| IDENTIFYING grey potion
 13786 | Lair:5   | Entered Level 5 of the Lair of Beasts
 13787 | Lair:5   | 13787 ||| PLANNING GAUNTLET
 13793 | Lair:5   | 13793 ||| STAIRDANCE
 13827 | Lair:5   | 13827 ||| STAIRDANCE
 13829 | Lair:4   | 13829 ||| Stepping ~*~*~tactically~*~*~ (retreating).
 13830 | Lair:4   | 13830 ||| Stepping ~*~*~tactically~*~*~ (retreating).
 13831 | Lair:4   | 13831 ||| Stepping ~*~*~tactically~*~*~ (retreating).
 13832 | Lair:4   | 13832 ||| Stepping ~*~*~tactically~*~*~ (retreating).
 13836 | Lair:4   | 13836 ||| Stepping ~*~*~tactically~*~*~ (retreating).
 13837 | Lair:4   | 13837 ||| Stepping ~*~*~tactically~*~*~ (retreating).
 13838 | Lair:4   | 13838 ||| Stepping ~*~*~tactically~*~*~ (retreating).
 13839 | Lair:4   | 13839 ||| Stepping ~*~*~tactically~*~*~ (retreating).
 13881 | Lair:5   | 13881 ||| STAIRDANCE
 13883 | Lair:4   | 13883 ||| Stepping ~*~*~tactically~*~*~ (retreating).
 13884 | Lair:4   | 13884 ||| Stepping ~*~*~tactically~*~*~ (retreating).
 13885 | Lair:4   | 13885 ||| Stepping ~*~*~tactically~*~*~ (retreating).
 13886 | Lair:4   | 13886 ||| Stepping ~*~*~tactically~*~*~ (retreating).
 13887 | Lair:4   | 13887 ||| Stepping ~*~*~tactically~*~*~ (retreating).
 13888 | Lair:4   | 13888 ||| Stepping ~*~*~tactically~*~*~ (retreating).
 13910 | Lair:4   | Mutation became permanent: Your large and strong wings let
                  | you fly. [Gargoyle growth]
 13910 | Lair:4   | Gained mutation: Your large and strong wings let you fly.
                  | [Gargoyle growth]
 13910 | Lair:4   | Reached XP level 14. HP: 85/92 MP: 21/21
 13932 | Lair:5   | 13932 ||| INVOKING Heroism.
 14050 | Lair:5   | Found a staircase to the Slime Pits.
 14050 | Lair:5   | Found a viscous altar of Jiyva.
 14198 | Lair:5   | Reached skill level 13 in Fighting
 14272 | Lair:5   | 14272 ||| RETREATING.
 14273 | Lair:5   | 14273 ||| INVOKING Heroism.
 14274 | Lair:5   | 14274 ||| INVOKING Finesse.
 14288 | Lair:5   | 14288 ||| Stepping ~*~*~tactically~*~*~ (retreating).
 14359 | Lair:5   | 14359 ||| INVOKING Finesse.
 14385 | Lair:5   | 14385 ||| RIP GAUNTLET
 14385 | Lair:5   | Noticed a dire elephant
 14386 | Lair:5   | 14386 ||| PLANNING LAIR
 14386 | Lair:5   | 14386 ||| INVOKING Heroism.
 14426 | Lair:5   | Reached skill level 14 in Fighting
 14466 | Lair:5   | 14466 ||| INVOKING Heroism.
 14701 | Lair:5   | 14701 ||| INVOKING Heroism.
 14763 | Lair:5   | Reached skill level 9 in Armour
 14881 | Lair:5   | 14881 ||| INVOKING Heroism.
 15083 | Lair:5   | 15083 ||| INVOKING Heroism.
 15104 | Lair:5   | Killed a dire elephant
 15209 | Lair:5   | 15209 ||| PLANNING D
 15361 | D:12     | 15361 ||| RETREATING.
 15422 | D:12     | 15422 ||| FLEEEEING.
 15423 | D:12     | 15423 ||| STAIRDANCE
 15507 | D:12     | 15507 ||| Stepping ~*~*~tactically~*~*~ (retreating).
 15540 | D:12     | Received a gift from Okawaru
 15676 | D:12     | 15676 ||| INVOKING Heroism.
 15677 | D:12     | 15677 ||| INVOKING Finesse.
 15788 | D:12     | 15788 ||| DROPPING +0 pair of boots of rampaging.
 15789 | D:12     | 15789 ||| READING scroll labelled ECZACUBEAH.
 15790 | D:12     | 15790 ||| DRINKING 2 lumpy blue potions.
 15821 | D:12     | 15821 ||| DROPPING potion of lignification.
 15866 | D:13     | 15866 ||| RETREATING.
 15869 | D:13     | 15869 ||| Stepping ~*~*~tactically~*~*~ (retreating).
 15871 | D:13     | 15871 ||| Stepping ~*~*~tactically~*~*~ (retreating).
 15953 | D:13     | 15953 ||| INVOKING Heroism.
 16026 | D:13     | Found Vaafrohe's General Store.
 16031 | D:13     | 16031 ||| BUYING potion of heal wounds (65 gold).
 16031 | D:13     | Bought a potion of heal wounds for 65 gold pieces
 16055 | D:13     | 16055 ||| Stepping ~*~*~tactically~*~*~ (outnumbered).
 16056 | D:13     | 16056 ||| INVOKING Heroism.
 16093 | D:13     | 16093 ||| INVOKING Heroism.
 16108 | D:13     | Reached skill level 15 in Fighting
 16189 | D:13     | Noticed Jorgrun
 16190 | D:13     | 16190 ||| INVOKING Heroism.
 16210 | D:13     | Killed Jorgrun
 16213 | D:13     | 16213 ||| INVOKING Heroism.
 16333 | D:13     | 16333 ||| INVOKING Heroism.
 16346 | D:13     | Reached XP level 15. HP: 103/103 MP: 20/22
 16453 | D:13     | Found an iron altar of Okawaru.
 16617 | D:14     | Reached skill level 9 in Dodging
 16666 | D:14     | 16666 ||| INVOKING Heroism.
 16681 | D:14     | Found a gate to the Vaults.
 16746 | D:14     | 16746 ||| INVOKING Heroism.
 16935 | D:14     | 16935 ||| Stepping ~*~*~tactically~*~*~ (cloud).
 17007 | D:14     | Found Xaetask's Tiny Tomes.
 17267 | D:14     | 17267 ||| INVOKING Heroism.
 17550 | D:14     | 17550 ||| READING scroll labelled TIOJAPR JUXULU.
 17551 | D:14     | 17551 ||| READING 9 scrolls of identify.
 17551 | D:14     | 17551 ||| IDENTIFYING sedimented ruby potion
 17552 | D:14     | 17552 ||| DROPPING potion of brilliance.
 17580 | D:15     | Entered Level 15 of the Dungeon
 17586 | D:15     | 17586 ||| INVOKING Heroism.
 17590 | D:15     | 17590 ||| STAIRDANCE
 17601 | D:15     | 17601 ||| STAIRDANCE
 17692 | D:15     | 17692 ||| STAIRDANCE
 17716 | D:15     | 17716 ||| INVOKING Heroism.
 17734 | D:15     | Noticed Agnes
 17741 | D:15     | Killed Agnes
 17742 | D:15     | Reached skill level 16 in Fighting
 17756 | D:15     | 17756 ||| READING scroll of enchant weapon.
 17756 | D:15     | 17756 ||| ENCHANTING +1 orcbow.
 17881 | D:15     | 17881 ||| RETREATING.
 17898 | D:15     | 17898 ||| Stepping ~*~*~tactically~*~*~ (retreating).
 17899 | D:15     | 17899 ||| Stepping ~*~*~tactically~*~*~ (retreating).
 17900 | D:15     | 17900 ||| Stepping ~*~*~tactically~*~*~ (retreating).
 17908 | D:15     | 17908 ||| Stepping ~*~*~tactically~*~*~ (outnumbered).
 17912 | D:15     | 17912 ||| Stepping ~*~*~tactically~*~*~ (retreating).
 17913 | D:15     | 17913 ||| Stepping ~*~*~tactically~*~*~ (retreating).
 17915 | D:15     | 17915 ||| Stepping ~*~*~tactically~*~*~ (retreating).
 18005 | D:15     | 18005 ||| INVOKING Heroism.
 18110 | D:15     | Found a runed translucent door.
 18111 | D:15     | Noticed Vosooj's ghost (adept GrHs)
 18241 | D:15     | Noticed Azrael
 18245 | D:15     | 18245 ||| Stepping ~*~*~tactically~*~*~ (retreating).
 18249 | D:15     | 18249 ||| INVOKING Heroism.
 18256 | D:15     | 18256 ||| Stepping ~*~*~tactically~*~*~ (outnumbered).
 18273 | D:15     | Killed Azrael
 18318 | D:15     | 18318 ||| INVOKING Heroism.
 18319 | D:15     | 18319 ||| RETREATING.
 18327 | D:15     | 18327 ||| Stepping ~*~*~tactically~*~*~ (outnumbered).
 18359 | D:15     | 18359 ||| RETREATING.
 18372 | D:15     | 18372 ||| Stepping ~*~*~tactically~*~*~ (outnumbered).
 18376 | D:15     | 18376 ||| Stepping ~*~*~tactically~*~*~ (outnumbered).
 18411 | D:15     | 18411 ||| Stepping ~*~*~tactically~*~*~ (outnumbered).
 18459 | D:15     | Found a staircase to the Depths.
 18596 | D:15     | 18596 ||| PLANNING ORC
 18729 | Orc:1    | Entered Level 1 of the Orcish Mines
 18755 | Orc:1    | Found Moheo's Jewellery Boutique.
 18759 | Orc:1    | 18759 ||| BUYING +5 ring of evasion (612 gold).
 18759 | Orc:1    | Bought a +5 ring of evasion for 612 gold pieces
 18759 | Orc:1    | 18759 ||| SHOPLISTING +6 ring of dexterity (612 gold, have
                  | 453).
 18759 | Orc:1    | 18759 ||| SHOPLISTING amulet of reflection (510 gold, have
                  | 453).
 18845 | Orc:1    | 18845 ||| UPGRADING to +5 ring of evasion.
 18847 | Orc:1    | 18847 ||| DROPPING +4 ring of slaying {mikee}.
 18853 | Orc:2    | Entered Level 2 of the Orcish Mines
 18856 | Orc:2    | 18856 ||| STAIRDANCE
 18868 | Orc:2    | 18868 ||| STAIRDANCE
 19001 | Orc:2    | Reached skill level 17 in Fighting
 19038 | Orc:1    | 19038 ||| INVOKING Heroism.
 19042 | Orc:1    | 19042 ||| Stepping ~*~*~tactically~*~*~ (retreating).
 19049 | Orc:1    | 19049 ||| Stepping ~*~*~tactically~*~*~ (retreating).
 19051 | Orc:1    | 19051 ||| Stepping ~*~*~tactically~*~*~ (retreating).
 19055 | Orc:1    | 19055 ||| Stepping ~*~*~tactically~*~*~ (retreating).
 19056 | Orc:1    | 19056 ||| Stepping ~*~*~tactically~*~*~ (retreating).
 19063 | Orc:1    | 19063 ||| Stepping ~*~*~tactically~*~*~ (retreating).
 19064 | Orc:1    | 19064 ||| Stepping ~*~*~tactically~*~*~ (retreating).
 19065 | Orc:1    | 19065 ||| Stepping ~*~*~tactically~*~*~ (retreating).
 19066 | Orc:1    | 19066 ||| DRINKING 12 potions of curing.
 19066 | Orc:1    | 19066 ||| (to cure confusion)
 19067 | Orc:1    | 19067 ||| Stepping ~*~*~tactically~*~*~ (retreating).
 19215 | Orc:1    | You are sucked into a shaft and drop 1 floor!
 19215 | Orc:2    | Found Ijoa's Book Emporium.
 19216 | Orc:2    | 19216 ||| INVOKING Heroism.
 19311 | Orc:2    | 19311 ||| Stepping ~*~*~tactically~*~*~ (outnumbered).
 19377 | Orc:2    | 19377 ||| INVOKING Heroism.
 19403 | Orc:2    | Reached XP level 16. HP: 102/112 MP: 23/23
 19445 | Orc:2    | 19445 ||| SWAPPING to +0 arbalest.
 19457 | Orc:2    | 19457 ||| DROPPING +2 orcbow.
 19588 | Orc:2    | 19588 ||| Stepping ~*~*~tactically~*~*~ (outnumbered).
 19590 | Orc:2    | 19590 ||| Stepping ~*~*~tactically~*~*~ (outnumbered).
 19592 | Orc:2    | 19592 ||| Stepping ~*~*~tactically~*~*~ (outnumbered).
 19594 | Orc:2    | 19594 ||| Stepping ~*~*~tactically~*~*~ (outnumbered).
 19707 | Orc:2    | Found Cozalor's Weapon Shoppe.
 19708 | Orc:2    | 19708 ||| INVOKING Heroism.
 19892 | Orc:2    | 19892 ||| INVOKING Heroism.
 20004 | Orc:2    | 20004 ||| INVOKING Heroism.
 20164 | Orc:2    | Found a staircase to the Elven Halls.
 20216 | Orc:2    | 20216 ||| INVOKING Heroism.
 20218 | Orc:2    | 20218 ||| RETREATING.
 20295 | Orc:2    | 20295 ||| INVOKING Heroism.
 20357 | Orc:2    | 20357 ||| Stepping ~*~*~tactically~*~*~ (outnumbered).
 20359 | Orc:2    | 20359 ||| Stepping ~*~*~tactically~*~*~ (outnumbered).
 20361 | Orc:2    | 20361 ||| Stepping ~*~*~tactically~*~*~ (outnumbered).
 20363 | Orc:2    | 20363 ||| Stepping ~*~*~tactically~*~*~ (outnumbered).
 20395 | Orc:2    | 20395 ||| Stepping ~*~*~tactically~*~*~ (outnumbered).
 20397 | Orc:2    | 20397 ||| Stepping ~*~*~tactically~*~*~ (outnumbered).
 20403 | Orc:2    | 20403 ||| INVOKING Heroism.
 20409 | Orc:2    | 20409 ||| Stepping ~*~*~tactically~*~*~ (outnumbered).
 20440 | Orc:2    | 20440 ||| INVOKING Heroism.
 20474 | Orc:2    | HP: 19/112 [orc high priest/divine providence (17)]
 20475 | Orc:2    | 20475 ||| READING 7 scrolls of teleportation.
 20476 | Orc:2    | 20476 ||| DRINKING 4 potions of heal wounds.
 20647 | Orc:2    | 20647 ||| INVOKING Heroism.
 20649 | Orc:2    | Gained mutation: You are frail. (-10% HP) [a neqoxec]
 20651 | Orc:2    | 20651 ||| RETREATING.
 20657 | Orc:2    | 20657 ||| Stepping ~*~*~tactically~*~*~ (outnumbered).
 20667 | Orc:2    | 20667 ||| Stepping ~*~*~tactically~*~*~ (retreating).
 20669 | Orc:2    | 20669 ||| Stepping ~*~*~tactically~*~*~ (retreating).
 20670 | Orc:2    | 20670 ||| Stepping ~*~*~tactically~*~*~ (retreating).
 20671 | Orc:2    | 20671 ||| Stepping ~*~*~tactically~*~*~ (retreating).
 20672 | Orc:2    | 20672 ||| Stepping ~*~*~tactically~*~*~ (retreating).
 20673 | Orc:2    | 20673 ||| Stepping ~*~*~tactically~*~*~ (retreating).
 20679 | Orc:2    | 20679 ||| INVOKING Heroism.
 20695 | Orc:2    | 20695 ||| Stepping ~*~*~tactically~*~*~ (retreating).
 20696 | Orc:2    | 20696 ||| Stepping ~*~*~tactically~*~*~ (retreating).
 20698 | Orc:2    | 20698 ||| Stepping ~*~*~tactically~*~*~ (retreating).
 20712 | Orc:2    | 20712 ||| DRINKING potion of mutation.
 20712 | Orc:2    | Lost mutation: You have very sharp teeth. [potion of
                  | mutation]
 20712 | Orc:2    | Lost mutation: You are frail. (-10% HP) [potion of
                  | mutation]
 20712 | Orc:2    | Gained mutation: You possess an exceptional clarity of
                  | mind. [potion of mutation]
 20712 | Orc:2    | Gained mutation: You occasionally shout uncontrollably at
                  | your foes. [potion of mutation]
 20712 | Orc:2    | Gained mutation: You are agile. (Dex +4, Str/Int -1)
                  | [potion of mutation]
 20738 | Orc:2    | 20738 ||| INVOKING Heroism.
 20747 | Orc:2    | 20747 ||| Stepping ~*~*~tactically~*~*~ (retreating).
 20748 | Orc:2    | 20748 ||| Stepping ~*~*~tactically~*~*~ (retreating).
 20749 | Orc:2    | 20749 ||| Stepping ~*~*~tactically~*~*~ (retreating).
 20750 | Orc:2    | 20750 ||| Stepping ~*~*~tactically~*~*~ (retreating).
 20751 | Orc:2    | 20751 ||| Stepping ~*~*~tactically~*~*~ (retreating).
 20752 | Orc:2    | 20752 ||| Stepping ~*~*~tactically~*~*~ (retreating).
 20753 | Orc:2    | 20753 ||| Stepping ~*~*~tactically~*~*~ (retreating).
 20754 | Orc:2    | 20754 ||| Stepping ~*~*~tactically~*~*~ (retreating).
 20755 | Orc:2    | 20755 ||| Stepping ~*~*~tactically~*~*~ (retreating).
 20756 | Orc:2    | 20756 ||| RETREATING.
 20843 | Orc:2    | 20843 ||| INVOKING Heroism.
 20909 | Orc:2    | 20909 ||| INVOKING Heroism.
 20915 | Orc:2    | 20915 ||| RETREATING.
 20930 | Orc:2    | 20930 ||| RETREATING.
 21007 | Orc:2    | Found Qithoick's Book Emporium.
 21087 | Orc:2    | Found Kywiq's Book Boutique.
 21097 | Orc:2    | 21097 ||| PLANNING SPIDER:1-3
 21097 | Orc:2    | 21097 ||| DROPPING ring of wizardry.
 21098 | Orc:2    | 21098 ||| READING scroll labelled DUDUS REOW.
 21227 | Spider:1 | Entered Level 1 of the Spider Nest
 21234 | Spider:1 | 21234 ||| RETREATING.
 21338 | Spider:1 | 21338 ||| INVOKING Heroism.
 21362 | Spider:1 | 21362 ||| Stepping ~*~*~tactically~*~*~ (retreating).
 21363 | Spider:1 | 21363 ||| Stepping ~*~*~tactically~*~*~ (retreating).
 21364 | Spider:1 | 21364 ||| Stepping ~*~*~tactically~*~*~ (retreating).
 21401 | Spider:1 | Reached skill level 18 in Ranged Weapons
 21462 | Spider:1 | 21462 ||| Stepping ~*~*~tactically~*~*~ (outnumbered).
 21464 | Spider:1 | 21464 ||| Stepping ~*~*~tactically~*~*~ (outnumbered).
 21466 | Spider:1 | 21466 ||| Stepping ~*~*~tactically~*~*~ (outnumbered).
 21663 | Spider:1 | Found a runed translucent gate.
 21663 | Spider:1 | Found a runed translucent gate.
 21663 | Spider:1 | Found a runed translucent gate.
 21664 | Spider:1 | Noticed qw's ghost (adept MiHs)
 21665 | Spider:1 | Noticed endersaim's ghost (adept MfSk)
 21735 | Spider:1 | 21735 ||| INVOKING Heroism.
 21932 | Spider:1 | 21932 ||| RETREATING.
 21936 | Spider:1 | 21936 ||| Stepping ~*~*~tactically~*~*~ (retreating).
 21937 | Spider:1 | 21937 ||| Stepping ~*~*~tactically~*~*~ (retreating).
 21938 | Spider:1 | 21938 ||| Stepping ~*~*~tactically~*~*~ (retreating).
 21939 | Spider:1 | 21939 ||| Stepping ~*~*~tactically~*~*~ (retreating).
 21940 | Spider:1 | 21940 ||| STAIRDANCE
 21976 | Spider:1 | 21976 ||| INVOKING Heroism.
 21979 | Spider:1 | 21979 ||| STAIRDANCE
 22140 | Spider:2 | 22140 ||| STAIRDANCE
 22331 | Spider:2 | 22331 ||| INVOKING Heroism.
 22378 | Spider:2 | 22378 ||| Stepping ~*~*~tactically~*~*~ (outnumbered).
 22380 | Spider:2 | 22380 ||| INVOKING Heroism.
 22422 | Spider:2 | 22422 ||| INVOKING Heroism.
 22452 | Spider:2 | 22452 ||| INVOKING Heroism.
 22582 | Spider:2 | 22582 ||| Stepping ~*~*~tactically~*~*~ (outnumbered).
 22591 | Spider:2 | 22591 ||| INVOKING Heroism.
 22793 | Spider:2 | 22793 ||| RETREATING.
 22795 | Spider:2 | 22795 ||| Stepping ~*~*~tactically~*~*~ (retreating).
 22796 | Spider:2 | 22796 ||| Stepping ~*~*~tactically~*~*~ (retreating).
 22798 | Spider:2 | 22798 ||| Stepping ~*~*~tactically~*~*~ (retreating).
 22799 | Spider:2 | 22799 ||| Stepping ~*~*~tactically~*~*~ (retreating).
 22800 | Spider:2 | 22800 ||| Stepping ~*~*~tactically~*~*~ (retreating).
 22872 | Spider:2 | 22872 ||| DROPPING +6 ring of strength.
 22878 | Spider:3 | 22878 ||| INVOKING Heroism.
 22879 | Spider:3 | 22879 ||| STAIRDANCE
 22900 | Spider:3 | 22900 ||| STAIRDANCE
 22986 | Spider:3 | Reached skill level 18 in Fighting
 22986 | Spider:3 | Reached XP level 17. HP: 109/119 MP: 24/24
 23019 | Spider:3 | 23019 ||| RETREATING.
 23022 | Spider:3 | 23022 ||| Stepping ~*~*~tactically~*~*~ (retreating).
 23023 | Spider:3 | 23023 ||| Stepping ~*~*~tactically~*~*~ (retreating).
 23034 | Spider:3 | 23034 ||| INVOKING Heroism.
 23163 | Spider:3 | 23163 ||| Stepping randomly (disturbance).
 23164 | Spider:3 | 23164 ||| Stepping randomly (disturbance).
 23229 | Spider:3 | 23229 ||| DRINKING 2 potions of cancellation.
 23230 | Spider:3 | 23230 ||| Stepping ~*~*~tactically~*~*~ (retreating).
 23231 | Spider:3 | 23231 ||| Stepping ~*~*~tactically~*~*~ (retreating).
 23232 | Spider:3 | 23232 ||| Stepping ~*~*~tactically~*~*~ (retreating).
 23343 | Spider:3 | 23343 ||| Stepping ~*~*~tactically~*~*~ (outnumbered).
 23349 | Spider:3 | 23349 ||| Stepping ~*~*~tactically~*~*~ (retreating).
 23350 | Spider:3 | 23350 ||| Stepping ~*~*~tactically~*~*~ (retreating).
 23351 | Spider:3 | 23351 ||| Stepping ~*~*~tactically~*~*~ (retreating).
 23352 | Spider:3 | 23352 ||| Stepping ~*~*~tactically~*~*~ (retreating).
 23353 | Spider:3 | 23353 ||| Stepping ~*~*~tactically~*~*~ (retreating).
 23356 | Spider:3 | 23356 ||| Stepping ~*~*~tactically~*~*~ (retreating).
 23357 | Spider:3 | 23357 ||| Stepping ~*~*~tactically~*~*~ (retreating).
 23358 | Spider:3 | 23358 ||| Stepping ~*~*~tactically~*~*~ (retreating).
 23359 | Spider:3 | 23359 ||| Stepping ~*~*~tactically~*~*~ (retreating).
 23360 | Spider:3 | 23360 ||| Stepping ~*~*~tactically~*~*~ (retreating).
 23362 | Spider:3 | 23362 ||| INVOKING Finesse.
 23363 | Spider:3 | 23363 ||| Stepping ~*~*~tactically~*~*~ (retreating).
 23468 | Spider:3 | 23468 ||| FLEEEEING.
 23469 | Spider:3 | 23469 ||| FLEEEEING.
 23470 | Spider:3 | 23470 ||| FLEEEEING.
 23471 | Spider:3 | 23471 ||| FLEEEEING.
 23472 | Spider:3 | 23472 ||| FLEEEEING.
 23473 | Spider:3 | 23473 ||| FLEEEEING.
 23474 | Spider:3 | 23474 ||| FLEEEEING.
 23475 | Spider:3 | 23475 ||| FLEEEEING.
 23476 | Spider:3 | 23476 ||| STAIRDANCE
 23580 | Spider:3 | 23580 ||| STAIRDANCE
 23593 | Spider:2 | Reached skill level 12 in Dodging
 23725 | Spider:3 | 23725 ||| Stepping ~*~*~tactically~*~*~ (outnumbered).
 23926 | Spider:3 | 23926 ||| PLANNING SWAMP:1-3
 24020 | Swamp:1  | Entered Level 1 of the Swamp
 24037 | Swamp:1  | 24037 ||| FLEEEEING.
 24038 | Swamp:1  | 24038 ||| FLEEEEING.
 24039 | Swamp:1  | 24039 ||| FLEEEEING.
 24157 | Swamp:1  | 24157 ||| INVOKING Heroism.
 24164 | Swamp:1  | 24164 ||| Stepping ~*~*~tactically~*~*~ (retreating).
 24165 | Swamp:1  | 24165 ||| Stepping ~*~*~tactically~*~*~ (retreating).
 24177 | Swamp:1  | 24177 ||| INVOKING Heroism.
 24395 | Swamp:1  | 24395 ||| INVOKING Heroism.
 24418 | Swamp:1  | 24418 ||| Stepping ~*~*~tactically~*~*~ (retreating).
 24419 | Swamp:1  | 24419 ||| Stepping ~*~*~tactically~*~*~ (retreating).
 24420 | Swamp:1  | 24420 ||| RETREATING.
 24429 | Swamp:1  | 24429 ||| Stepping ~*~*~tactically~*~*~ (retreating).
 24433 | Swamp:1  | 24433 ||| Stepping ~*~*~tactically~*~*~ (retreating).
 24436 | Swamp:1  | 24436 ||| Stepping ~*~*~tactically~*~*~ (retreating).
 24440 | Swamp:1  | 24440 ||| Stepping ~*~*~tactically~*~*~ (retreating).
 24441 | Swamp:1  | 24441 ||| Stepping ~*~*~tactically~*~*~ (retreating).
 24442 | Swamp:1  | 24442 ||| Stepping ~*~*~tactically~*~*~ (retreating).
 24449 | Swamp:1  | 24449 ||| INVOKING Heroism.
 24459 | Abyss:3  | Cast into level 3 of the Abyss (spriggan rider)
 24565 | Abyss:3  | Found a corrupted altar of Lugonu.
 24583 | Abyss:3  | 24583 ||| Stepping ~*~*~tactically~*~*~ (outnumbered).
 24592 | Abyss:3  | Reached skill level 19 in Fighting
 24641 | Abyss:3  | Noticed a tentacled starspawn
 24654 | Abyss:3  | 24654 ||| Stepping ~*~*~tactically~*~*~ (retreating).
 24655 | Abyss:3  | 24655 ||| Stepping ~*~*~tactically~*~*~ (retreating).
 24656 | Abyss:3  | 24656 ||| Stepping ~*~*~tactically~*~*~ (retreating).
 24657 | Abyss:3  | 24657 ||| Stepping ~*~*~tactically~*~*~ (retreating).
 24658 | Abyss:3  | 24658 ||| Stepping ~*~*~tactically~*~*~ (retreating).
 24658 | Abyss:3  | Found a transporter.
 24659 | Abyss:3  | 24659 ||| Stepping ~*~*~tactically~*~*~ (retreating).
 24661 | Abyss:3  | 24661 ||| Stepping ~*~*~tactically~*~*~ (retreating).
 24662 | Abyss:3  | 24662 ||| Stepping ~*~*~tactically~*~*~ (outnumbered).
 24663 | Abyss:3  | 24663 ||| Stepping ~*~*~tactically~*~*~ (retreating).
 24664 | Abyss:3  | 24664 ||| Stepping ~*~*~tactically~*~*~ (retreating).
 24665 | Abyss:3  | 24665 ||| Stepping ~*~*~tactically~*~*~ (retreating).
 24665 | Abyss:3  | Noticed a bone dragon
 24666 | Abyss:3  | 24666 ||| Stepping ~*~*~tactically~*~*~ (retreating).
 24667 | Abyss:3  | 24667 ||| Stepping ~*~*~tactically~*~*~ (retreating).
 24668 | Abyss:3  | 24668 ||| Stepping ~*~*~tactically~*~*~ (retreating).
 24669 | Abyss:3  | 24669 ||| Stepping ~*~*~tactically~*~*~ (retreating).
 24670 | Abyss:3  | 24670 ||| INVOKING Heroism.
 24673 | Abyss:3  | 24673 ||| Stepping ~*~*~tactically~*~*~ (retreating).
 24674 | Abyss:3  | 24674 ||| Stepping ~*~*~tactically~*~*~ (retreating).
 24675 | Abyss:3  | 24675 ||| Stepping ~*~*~tactically~*~*~ (retreating).
 24676 | Abyss:3  | 24676 ||| Stepping ~*~*~tactically~*~*~ (retreating).
 24677 | Abyss:3  | 24677 ||| Stepping ~*~*~tactically~*~*~ (retreating).
 24677 | Abyss:3  | Noticed a tentacled starspawn
 24678 | Abyss:3  | 24678 ||| Stepping ~*~*~tactically~*~*~ (retreating).
 24679 | Abyss:3  | 24679 ||| Stepping ~*~*~tactically~*~*~ (retreating).
 24680 | Abyss:3  | 24680 ||| Stepping ~*~*~tactically~*~*~ (outnumbered).
 24681 | Abyss:3  | 24681 ||| Stepping ~*~*~tactically~*~*~ (retreating).
 24682 | Abyss:3  | 24682 ||| Stepping ~*~*~tactically~*~*~ (retreating).
 24682 | Abyss:3  | Noticed a tentacled starspawn
 24683 | Abyss:3  | 24683 ||| Stepping ~*~*~tactically~*~*~ (retreating).
 24684 | Abyss:3  | 24684 ||| Stepping ~*~*~tactically~*~*~ (retreating).
 24685 | Abyss:3  | 24685 ||| Stepping ~*~*~tactically~*~*~ (retreating).
 24685 | Abyss:3  | HP: 18/122 [white draconian stormcaller/divine providence
                  | (16)]
 24686 | Abyss:3  | 24686 ||| READING 9 scrolls of teleportation.
 24687 | Abyss:3  | 24687 ||| DRINKING 3 potions of heal wounds.
 24688 | Abyss:3  | 24688 ||| Stepping ~*~*~tactically~*~*~ (retreating).
 24774 | Abyss:3  | Noticed a tentacled starspawn
 24783 | Abyss:3  | Killed a tentacled starspawn
 24794 | Abyss:3  | 24794 ||| Stepping ~*~*~tactically~*~*~ (retreating).
 24799 | Abyss:3  | 24799 ||| Stepping ~*~*~tactically~*~*~ (retreating).
 24800 | Abyss:3  | 24800 ||| Stepping ~*~*~tactically~*~*~ (retreating).
 24801 | Abyss:3  | 24801 ||| INVOKING Heroism.
 24806 | Abyss:3  | 24806 ||| RETREATING.
 24810 | Abyss:3  | 24810 ||| Stepping ~*~*~tactically~*~*~ (retreating).
 24813 | Abyss:3  | 24813 ||| Stepping ~*~*~tactically~*~*~ (retreating).
 24814 | Abyss:3  | 24814 ||| Stepping ~*~*~tactically~*~*~ (retreating).
 24816 | Abyss:3  | 24816 ||| INVOKING Heroism.
 24818 | Abyss:3  | Noticed a Hell Sentinel
 24821 | Abyss:3  | HP: 21/97 [wolf spider[a worldbinder] (16)]
 24822 | Abyss:3  | Noticed a tentacled starspawn
 24822 | Abyss:3  | 24822 ||| READING 8 scrolls of teleportation.
 24823 | Abyss:3  | 24823 ||| DRINKING 2 potions of heal wounds.
 24826 | Abyss:3  | HP: 21/97 [Hell Sentinel (6)]
 24827 | Abyss:3  | 24827 ||| DRINKING potion of heal wounds.
 24836 | Abyss:3  | 24836 ||| INVOKING Heroism.
 24848 | Abyss:3  | Reached skill level 12 in Armour
 24850 | Abyss:3  | Noticed a bone dragon
 24854 | Abyss:3  | 24854 ||| INVOKING Heroism.
 24862 | Abyss:3  | Killed a bone dragon
 24864 | Abyss:3  | Noticed a tentacled starspawn
 24865 | Swamp:1  | Escaped the Abyss
 25433 | Swamp:2  | 25433 ||| STAIRDANCE
 25449 | Swamp:2  | 25449 ||| RETREATING.
 25453 | Swamp:2  | 25453 ||| Stepping ~*~*~tactically~*~*~ (outnumbered).
 25454 | Swamp:2  | 25454 ||| INVOKING Heroism.
 25455 | Swamp:2  | 25455 ||| Stepping ~*~*~tactically~*~*~ (retreating).
 25457 | Swamp:2  | 25457 ||| Stepping ~*~*~tactically~*~*~ (retreating).
 25458 | Swamp:2  | 25458 ||| Stepping ~*~*~tactically~*~*~ (retreating).
 25468 | Swamp:2  | 25468 ||| Stepping ~*~*~tactically~*~*~ (retreating).
 25469 | Swamp:2  | 25469 ||| RETREATING.
 25472 | Swamp:2  | 25472 ||| Stepping ~*~*~tactically~*~*~ (retreating).
 25473 | Swamp:2  | 25473 ||| Stepping ~*~*~tactically~*~*~ (retreating).
 25474 | Swamp:2  | 25474 ||| Stepping ~*~*~tactically~*~*~ (retreating).
 25475 | Swamp:2  | 25475 ||| Stepping ~*~*~tactically~*~*~ (retreating).
 25476 | Swamp:2  | 25476 ||| Stepping ~*~*~tactically~*~*~ (retreating).
 25482 | Swamp:2  | 25482 ||| Stepping ~*~*~tactically~*~*~ (retreating).
 25488 | Swamp:2  | 25488 ||| Stepping ~*~*~tactically~*~*~ (retreating).
 25488 | Swamp:2  | HP: 13/122 [will-o-the-wisp/foxfire (20)]
 25489 | Swamp:2  | 25489 ||| READING 7 scrolls of teleportation.
 25489 | Swamp:2  | Killed from afar by a will-o-the-wisp

Levels and vault maps discovered:
D:1:      amcnicky_arrival_double_pillar, layout_rooms, serial_shops,
          nicolae_shop_window_shopping
D:2:      layout_basic, uniq_natasha, uniq_terence
D:3:      layout_basic, good_gods_mini_temple, nicolae_dithmenos_shadow_blocks,
          old_standard_altar, nicolae_qazlal_style_of_elements,
          gup_sewer_entry_bubbles
D:4:      minmay_diamond_boxcup, layout_gridville, serial_shops,
          kennysheep_little_box
D:5:      layout_basic, vehumet_altar_wand_db, minmay_temple_entry_statues,
          wad_rectangle_vault
D:6:      layout_rooms
D:7:      layout_loops_ring, nicolae_overflow_hidden_temple,
          mainiacjoe_overflow_brackets, serial_shops, shop,
          nicolae_shop_real_fake_doors, nicolae_shop_tiny_statue_garden, shop,
          nicolae_shop_bloodbath_and_beyond, nicolae_elevator_lobby_asterisk
D:8:      layout_loops_corners, nemelex_spade_bored_becter, uniq_maurice,
          uniq_jeremiah
D:9:      layout_loops_ring, lemuel_crystal_altar
D:10:     layout_cave_pods, mainiacjoe_overflow_paths, enter_bailey_3,
          nrook_uturn, skrybe_limestone_x, minmay_statue_crystal_thing,
          uniq_maggie
D:11:     layout_long_grid, lair_entry_dummy, hiddenorc2_lemuel,
          portal_ice_cave_entry_imps, nicolae_hepliaklqana_monster_ancestors
D:12:     layout_big_octagon
D:13:     layout_rooms, serial_shops, shop, okawaru_ov_weapons_minmay,
          uniq_jorgrun
D:14:     layout_cave_pods, david_vaults_2, serial_column_ruins,
          column_ruins_hut, column_ruins_open_tiny, column_ruins_grid_4,
          column_ruins_columns_dead_end, column_ruins_open_tiny,
          column_ruins_grid_1, column_ruins_columns_dead_end,
          column_ruins_grid_1, nicolae_concentric_dashed_squares_mild,
          st_stairs_8, nicolae_shop_i_like_small_books_too
D:15:     grunt_enter_depths_magical_seal, layout_cave_pools,
          gammafunk_ghost_grave, nrook_mini_vaults, uniq_azrael, uniq_agnes
Temple:   nicolae_temple_ecumenical_triangle
Lair:1:   layout_regular_city, hibernation_bobbens
Lair:2:   layout_gridlike, alex1729_swamp_entry_worm_eleionoma,
          lightli_volcano_entry_magma_tube, grunt_megastairs_4,
          serial_bayou_shore_b, lemuel_fruit_tree
Lair:3:   layout_roguey, spider_nest_entry_web_field, serial_forest,
          infiniplex_forest_lined_2, infiniplex_forest_lined_3,
          infiniplex_forest_end_2, infiniplex_forest_end_3,
          infiniplex_forest_clump_cross, infiniplex_forest_lined_room_2,
          infiniplex_forest_zigzag_1, infiniplex_staircase_pool_2, uniq_rupert
Lair:4:   layout_loops_ring, infiniplex_staircase_pool
Lair:5:   grunt_lair_end_beastmaster, layout_cave_shapes,
          minmay_slime_entry_pillars, gauntlet_entry_generic
Swamp:1:  nicolae_swamp_secret_spriggan_hideout, layout_falls_marsh,
          nicolae_swamp_very_dense_foliage
Swamp:2:  nicolae_swamp_decorative_isthmus, layout_falls_marsh,
          hangedman_swamp_pad, swamp_pool2
Spider:1: layout_spider_delve, gammafunk_ghost_cemetery, nicolae_crawler_farm
Spider:2: layout_spider_delve, nicolae_spider_bzzzt
Spider:3: layout_spider_delve, nicolae_spider_some_kinda_spiderbox
Orc:1:    layout_diamond_mine, serial_shops, minmay_shop_enchanted_jewellery
Orc:2:    pubby_orc_utopia

Skill      XL: |  1  2  3  4  5  6  7  8  9 10 11 12 13 14 15 16 17 |
---------------+----------------------------------------------------+-----
Ranged Weapons | 5 6 7 8 10 13 14 15 16 18 | 18.0
Fighting       | 3 4 5 6 8 9 10 12 15 17 18 19 | 19.0
Armour         | 1 2 3 4 5 6 8 9 11 12 | 12.0
Dodging        | 2 4 5 7 8 10 11 12 | 12.4
Invocations    | 4 8 10 | 10.0
Stealth        | |  1.1

Action                     |  1- 3 |  4- 6 |  7- 9 | 10-12 | 13-15 | 16-18 || total
---------------------------+-------+-------+-------+-------+-------+-------++-------
   Fire: Shortbow          |    47 |   276 |    98 |   168 |       |       ||   589
         Sling             |       |       |   235 |    96 |       |       ||   331
         Orcbow            |       |       |       |   775 |  1935 |       ||  2710
         Arbalest          |       |       |       |       |       |  1505 ||  1505
 Invoke: Heroism           |       |       |     6 |    26 |    33 |    32 ||    97
         Finesse           |       |       |       |       |     5 |     1 ||     6
    Use: Scroll            |     2 |     4 |     8 |     6 |     7 |     5 ||    32
         Potion            |     1 |     4 |     2 |     2 |     3 |     6 ||    18
 Armour: Leather armour    |     7 |   114 |    98 |       |       |       ||   219
         Ring mail         |       |       |   102 |       |       |       ||   102
         Steam dragon scal |       |       |       |   204 |   440 |   592 ||  1236
  Dodge: Dodged            |     4 |   105 |   144 |   361 |   933 |  2423 ||  3970

Table legend:
 A = Non-vault XP
 B = Vault XP
 C = Vault XP percentage of total XP
 D = Non-vault monster count
 E = Vault monster count
 F = Vault count percentage of total count
                 A         B        C        D         E       F
            +---------+---------+-------+---------+---------+-------
      Total |  166554 |   62657 |  27.3 |     648 |     325 |  33.4
            +---------+---------+-------+---------+---------+-------
        D:1 |      34 |       0 |   0.0 |      13 |       0 |   0.0
        D:2 |     167 |      67 |  28.6 |      22 |       2 |   8.3
        D:3 |      80 |      19 |  19.2 |      17 |       3 |  15.0
        D:4 |     788 |     119 |  13.1 |      18 |       7 |  28.0
        D:5 |     790 |     379 |  32.4 |      12 |       7 |  36.8
        D:6 |    2005 |       0 |   0.0 |      30 |       0 |   0.0
        D:7 |    1543 |       0 |   0.0 |      28 |       0 |   0.0
        D:8 |    1602 |     462 |  22.4 |      22 |       1 |   4.3
        D:9 |    2161 |       0 |   0.0 |      38 |       0 |   0.0
       D:10 |    4117 |     422 |   9.3 |      20 |       5 |  20.0
       D:11 |    3424 |     568 |  14.2 |      20 |      46 |  69.7
       D:12 |    6853 |       0 |   0.0 |      19 |       0 |   0.0
       D:13 |    6663 |    1840 |  21.6 |      21 |       1 |   4.5
       D:14 |   10666 |    2527 |  19.2 |      22 |       6 |  21.4
       D:15 |   12527 |    8164 |  39.5 |      25 |      17 |  40.5
     Lair:1 |    5969 |       0 |   0.0 |      22 |       0 |   0.0
     Lair:2 |    2379 |    1607 |  40.3 |      12 |       3 |  20.0
     Lair:3 |    8899 |    3521 |  28.3 |      26 |       3 |  10.3
     Lair:4 |   14578 |       0 |   0.0 |      47 |       0 |   0.0
     Lair:5 |    8429 |    8605 |  50.5 |      28 |      19 |  40.4
    Swamp:1 |   13461 |    1665 |  11.0 |      35 |       5 |  12.5
    Swamp:2 |    1686 |       0 |   0.0 |       6 |       0 |   0.0
   Spider:1 |   13388 |    3188 |  19.2 |      37 |       4 |   9.8
   Spider:2 |   12649 |    2095 |  14.2 |      24 |       4 |  14.3
   Spider:3 |   14038 |    4151 |  22.8 |      31 |       8 |  20.5
      Orc:1 |    2843 |     275 |   8.8 |      29 |      11 |  27.5
      Orc:2 |       0 |   22855 | 100.0 |       0 |     145 | 100.0
    Abyss:3 |   14815 |       0 |   0.0 |      24 |       0 |   0.0
      Sewer |       0 |     128 | 100.0 |       0 |      28 | 100.0
            +---------+---------+-------+---------+---------+-------
